 Dungeon Crawl Stone Soup version 0.29-a0-582-ge82337ba6a (webtiles) character file.

Game seed: 4989885015826495341

185 DocClef the Shield-Bearer (level 5, 0/45 HPs)
             Began as a Draconian Wanderer on June 14, 2022.
             Slain by an ogre
             ... wielding a +0 giant spiked club
              (24 damage)
             ... on level 4 of the Dungeon.
             The game lasted 00:03:39 (3249 turns).

DocClef the Shield-Bearer (Draconian Wanderer)      Turns: 3249, Time: 00:03:40

Health: 0/45       AC: 12    Str: 16    XL:     5   Next: 37%
Magic:  8/8        EV: 10    Int: 14    God:
Gold:   100        SH:  5    Dex: 12    Spells: 7/8 levels left

rFire   . . .      SeeInvis .   o - +2 dagger (venom)
rCold   . . .      Faith    .   d - +0 buckler {AC+3}
rNeg    . . .      Spirit   .   (body armour unavailable)
rPois   .          Reflect  .   (helmet restricted)
rElec   .          Harm     .   (no cloak)
rCorr   .          Rampage  .   i - +2 pair of gloves {Dex+3}
Will    .....                   b - +0 pair of boots
Stlth   ++........              (no amulet)
HPRegen 0.15/turn               (no ring)
MPRegen 0.11/turn               (no ring)

@: no status effects
A: AC +5, unfitting armour, cold-blooded
a: no special abilities


You were on level 4 of the Dungeon.
You visited 1 branch of the dungeon, and saw 4 of its levels.

You collected 100 gold pieces.

Inventory:

Hand Weapons
 a - a +0 club
 o - a +2 dagger of venom (weapon)
Armour
 b - a +0 pair of boots (worn)
 d - a +0 buckler of protection (worn)
 i - a +2 pair of gloves of dexterity (worn)
Scrolls
 c - a scroll of vulnerability
 e - a scroll of fear {unknown}
 f - 3 scrolls of immolation
 h - a scroll of identify
Potions
 g - 2 potions of haste
 j - 2 potions of curing {unknown}
 m - 3 potions of invisibility {unknown}
 n - 2 potions of resistance {unknown}


   Skills:
 + Level 3.0 Fighting
 + Level 1.4 Short Blades
 - Level 1.1 Maces & Flails
 + Level 2.6 Stealth
 - Level 5.1 Shields
 + Level 2.4 Spellcasting
 - Level 2.1 Ice Magic


You had 7 spell levels left.
You knew the following spells:

 Your Spells              Type           Power      Damage    Failure   Level
a - Freeze                Ice            28%        1d5       12%         1

Your spell library contained the following spells:

 Spells                   Type           Power      Damage    Failure   Level
 Frozen Ramparts          Ice            14%        1d3       34%         3


Dungeon Overview and Level Annotations

Branches:
Dungeon (4/15)
 Temple: D:4-7

Altars:


Innate Abilities, Weirdness & Mutations

Your plain brown scales are hard. (AC +5)
You cannot fit into any form of body armour.
You are cold-blooded and may be slowed by cold attacks.


Message History

h - a scroll of identify A phantom comes into view.
An ogre comes into view. It is wielding a +0 giant spiked club.
The ogre shouts!
You hit the phantom but do no damage.
Your tail-slap misses the phantom.
The phantom barely misses you.
You closely miss the phantom. You tail-slap the phantom.
The phantom is lightly damaged.
The phantom closely misses you.
You hit the phantom.
Your tail-slap misses the phantom.
The phantom is lightly damaged.
You block the phantom's attack.
You closely miss the phantom.
The phantom is lightly damaged.
The phantom hits you but does no damage.
You hit the phantom but do no damage.
The phantom is lightly damaged.
The phantom barely misses you.
You closely miss the phantom.
The phantom is lightly damaged.
You block the ogre's attack.
The phantom hits you but does no damage.
You hit the phantom but do no damage.
The phantom is lightly damaged.
You hit the ogre.
The ogre is poisoned.
The ogre is lightly wounded.
The phantom closely misses you.
The ogre hits you with a +0 giant spiked club!!
You hit the ogre.
The ogre looks as sick as possible!
The ogre is lightly wounded.
You block the phantom's attack.
You hit the ogre.
The ogre looks as sick as possible!
The ogre is heavily wounded.
You block the ogre's attack. The phantom closely misses you.
The phantom hits you but does no damage.
You closely miss the ogre.
The ogre is heavily wounded.
The ogre hits you with a +0 giant spiked club!!
Ouch! That really hurt!
You die...

..... #........#
##.#.# .#########
#....# #.. #..#.# #.#
#..#.# #.#
#..#.#######.#####
#####..#.............#
......<......###O###.#
#####.#.###### #@#
#.....# #.W......
#.###†# ## #####....
#. #)# ..## .#
###.###.#.....
.........>..###
#####.........#
#.#######<# #.# #.#
#.# #.#


You could see an ogre (extremely poisoned) and a phantom.

Vanquished Creatures
  A scorpion (D:4)
  2 iguanas (D:4)
  An adder (D:4)
  2 worms (D:2)
  3 dart slugs
  An orc (D:2)
  5 endoplasms
  2 giant cockroaches (D:2)
  8 goblins
  3 hobgoblins
  6 jackals
  4 quokkas
  3 ball pythons
  4 bats
  A frilled lizard (D:3)
  A kobold (D:4)
  2 rats (D:3)
49 creatures vanquished.

Notes
Turn   | Place    | Note
-------+----------+-------------------------------------------
     0 | D:1      | DocClef the Draconian Wanderer began the quest for the Orb.
     0 | D:1      | DocClef set off with the following items: a +0 club, a +0
                  | pair of boots, a scroll of vulnerability, a +0 buckler of
                  | protection; and the following spell memorised: Freeze; and
                  | the following spells available to memorise: Frozen Ramparts
     0 | D:1      | Reached XP level 1. HP: 16/16 MP: 2/2
   288 | D:1      | Reached XP level 2. HP: 21/23 MP: 3/3
   645 | D:1      | Noticed a great orb of eyes
   715 | D:1      | Noticed a great orb of eyes
   717 | D:1      | Found a faded altar of an unknown god.
   719 | D:1      | Noticed a shining eye
   719 | D:1      | Noticed a floating eye
  1357 | D:2      | Reached XP level 3. HP: 29/29 MP: 5/5
  2059 | D:2      | Reached skill level 1 in Maces & Flails
  2330 | D:3      | Noticed a water moccasin
  2826 | D:4      | Reached XP level 4. HP: 24/36 MP: 6/6
  2959 | D:4      | Noticed a scorpion
  2967 | D:4      | Killed a scorpion
  2968 | D:4      | Reached skill level 1 in Short Blades
  2998 | D:4      | Reached XP level 5. HP: 20/44 MP: 6/8
  3238 | D:4      | Noticed a phantom
  3238 | D:4      | Noticed an ogre
  3249 | D:4      | Slain by an ogre

Illustrated notes

Levels and vault maps discovered:
D:1:      dpeg_arrival_tiny_k, layout_basic,
          hellmonk_ecumenical_altar_watching_god
D:2:      layout_loops_ring
D:3:      layout_basic, lightli_corner_chamber
D:4:      layout_loops_ring, portal_sewer_entry_c, nrook_campfire,
          kennysheep_generic_room_9

Skill      XL: |  1  2  3  4  5 |
---------------+----------------+-----
Fighting       | 2 3 |  3.0
Maces & Flails | 1 |  1.1
Stealth        | 2 |  2.6
Short Blades   | 1 |  1.4
Spellcasting   | 2 |  2.4
Shields        | |  5.1
Ice Magic      | |  2.1

Action                   |  1- 3 |  4- 6 || total
-------------------------+-------+-------++-------
Melee: Club              |   193 |       ||   193
       Tailslap          |    21 |     2 ||    23
       Dagger            |     2 |    35 ||    37
 Cast: Freeze            |     1 |     1 ||     2
  Use: Scroll            |     5 |       ||     5
 Stab: Sleeping          |     6 |       ||     6
Armor: Skin              |   114 |    19 ||   133
Dodge: Dodged            |   115 |    11 ||   126
Block: Buckler           |    49 |     6 ||    55

Table legend: (Time is in decaauts)
 A = Elapsed time spent in this place.
 B = Non-inter-level travel time spent in this place.
 C = Inter-level travel time spent in this place.
 D = Time resting spent in this place.
 E = Time spent auto-exploring this place.
 F = Levels seen in this place.
 G = Mean time per level.
                   A        B        C        D        E       F      G
               +--------+--------+--------+--------+--------+-----+--------+
         Total |   3316 |   3273 |     43 |    412 |   2289 |   4 |  829.0 |
       Dungeon |   3316 |   3273 |     43 |    412 |   2289 |   4 |  829.0 |
               +--------+--------+--------+--------+--------+-----+--------+

Top non-repeatable levels by time:
     D:1: 1182 daAuts
     D:2: 1075 daAuts
     D:3: 589 daAuts
     D:4: 469 daAuts
